 Dungeon Crawl Stone Soup version 0.28-a0-983-g1de4e0787c (webtiles) character file.

Game seed: 11737786014194929693

1888 Lavandula the Shooter (level 9, -3/71 HPs)
             Began as a Naga Arcane Marksman on Dec 3, 2021.
             Slain by Pikel (9 damage)
             ... on level 7 of the Dungeon.
             The game lasted 00:15:00 (8268 turns).

Lavandula the Shooter (Naga Arcane Marksman)        Turns: 8268, Time: 00:15:00

Health: -3/71      AC:  7    Str: 12    XL:     9   Next: 15%
Magic:  10/10      EV: 10    Int: 14    God:
Gold:   128        SH:  0    Dex: 22    Spells: 6/10 levels left

rFire   . . .      SeeInvis +   b - +1 dagger (elec)
rCold   . . .      Faith    .   (no shield)
rNeg    + . .      Spirit   .   t - +2 robe {rN+}
rPois   +          Reflect  .   (no helmet)
rElec   .          Harm     .   (no cloak)
rCorr   .          Rampage  .   e - +0 pair of gloves
Will    ++...                   (no barding)
Stlth   ++........              (no amulet)
HPRegen 0.21/turn               h - +6 ring of dexterity
MPRegen 0.12/turn               (no ring)

@: very slow
A: AC +3, large, see invisible, deformed body, poison resistance, slowness 2,
spit poison 1, naga tail 1, frail 1, strong-willed 1, noise suppression
a: Spit Poison


You were on level 7 of the Dungeon.
You visited 2 branches of the dungeon, and saw 8 of its levels.

You collected 333 gold pieces.
You spent 205 gold pieces at shops.

Inventory:

Hand Weapons
 a - a +0 shortbow
 b - a +1 dagger of electrocution (weapon)
Missiles
 c - 112 arrows
 k - 2 throwing nets (quivered)
Armour
 e - a +0 pair of gloves (worn)
 t - a +2 robe of positive energy (worn)
Jewellery
 h - a +6 ring of dexterity (left hand)
 i - a +6 ring of intelligence
 s - an amulet of magic regeneration
Scrolls
 g - a scroll of immolation
 j - a scroll of fog
 m - 3 scrolls of fear {unknown}
 n - 2 scrolls of enchant armour
 r - 3 scrolls of teleportation {unknown}
Potions
 d - a potion of curing
 f - a potion of attraction
 o - a potion of might
 p - a potion of magic
 q - 2 potions of degeneration


   Skills:
 - Level 4.7 Fighting
 - Level 6.7 Short Blades
 + Level 7.0 Bows
 - Level 1.5 Dodging
 - Level 1.0 Spellcasting
 - Level 4.4 Hexes


You had 6 spell levels left.
You knew the following spells:

 Your Spells              Type           Power      Damage    Failure   Level
a - Cause Fear            Hex            6%         N/A       38%         4

Your spell library contained the following spells:

 Spells                   Type           Power      Damage    Failure   Level
 Slow                     Hex            52%        N/A       4%          1
 Ensorcelled Hibernation  Hex/Ice        12%        N/A       16%         2
 Foxfire                  Conj/Fire      0%         2x1d4     26%         1
 Shock                    Conj/Air       0%         1d3       26%         1
 Inner Flame              Hex/Fire       6%         N/A       32%         3
 Portal Projectile        Hex/Tloc       12%        N/A       32%         3
 Conjure Flame            Conj/Fire      0%         6-21      61%         3
 Gell's Gravitas          Tloc           0%         N/A       61%         3
 Lesser Beckoning         Tloc           0%         N/A       61%         3
 Spider Form              Tmut/Pois      0%         N/A       61%         3
 Swiftness                Air            0%         N/A       61%         3
 Teleport Other           Tloc           0%         N/A       61%         3
 Airstrike                Air            0%         N/A       95%         4
 Flame Wave               Conj/Fire      0%         2d4       95%         4


Dungeon Overview and Level Annotations

Branches:
Dungeon (7/15)             Temple (1/1) D:5

Altars:
Ashenzari
Dithmenos
Gozag
Hepliaklqana
Kikubaaqudgha
Nemelex Xobeh
Sif Muna
Trog
Uskayaw
Vehumet
Wu Jian
Xom
Yredelemnul
The Shining One

Shops:
D:7 [

Annotations:
D:4 exclusion: door
D:7 Pikel


Innate Abilities, Weirdness & Mutations

Your serpentine skin is tough. (AC +3)
You have supernaturally acute eyesight. (SInv)
Armour fits poorly on your strangely shaped body.
Your system is resistant to poisons. (rPois)
You cover ground very slowly.
You can spit poison.
You have a snake-like lower body.
You are frail. (-10% HP)
You are strong-willed. (Will+)
You passively dampen the noise of your surroundings.


Message History

Unknown command.
You hit Pikel.
Pikel is severely wounded.
Unknown command.
You hit Pikel.
Pikel is severely wounded.
You have got your breath back.
Pikel says, "You'll make a fine lemure."
Pikel hits you with a +2 whip of electrocution.
Unknown command.
Press: ? - help, Shift-Dir - straight line, f/p - Pikel
Aim: Pikel, wielding a +2 whip of electrocution and wearing a +0 robe (severely wounded)
The splash of poison hits Pikel.
Pikel is almost dead.
Pikel hits you with a +2 whip of electrocution.
Unknown command.
Casting: Cause Fear (quite dangerous; 38% risk of failure)
Confirm with . or Enter, or press ? or * to list all spells.
The spell is quite dangerous to miscast (38% risk of failure)!
Continue anyway?
Okay, then.
Unknown command.
Unknown command.
You hit Pikel but do no damage.
Pikel is almost dead.
Pikel hits you with a +2 whip of electrocution.
You hit Pikel but do no damage.
Pikel is almost dead.
You hit Pikel but do no damage.
Pikel is almost dead.
Pikel hits you with a +2 whip of electrocution.
You hit Pikel but do no damage.
Pikel is almost dead.
Pikel hits you but does no damage.
You are electrocuted!!
* * * LOW HITPOINT WARNING * * *
Unknown command.
You miss Pikel.
Pikel is almost dead.
You have got your breath back.
Pikel hits you with a +2 whip of electrocution!
You die...

#.###..............[....
#.# #........#...#.#...
#.###.........#.#...#.#
#..........#...#.....#
............#[.#.....#
.......<.#...###....)###
..........#..#..#...#..#
...........###...#.#...##
..........#...#.@K#..:#..
#.###...)#.....#..#..#.....
................#####....(.
#.######.#.....#..#..#... .
..######..#...#...#...#...#
##.........###...#.#...###.
#.#####..#..#..#...#..#
#..##...#...###.....#
#..##......#..#.....#


You could see Pikel.

Vanquished Creatures
  Menkaure (D:4)
  A black bear (D:5)
  3 centaurs
  2 ogres (D:5)
  2 necrophages (D:4)
  4 lemures (D:7)
  A kobold brigand (D:6)
  A bullfrog (D:6)
  5 scorpions
  2 water moccasin zombies (D:5)
  A howler monkey (D:4)
  A bullfrog zombie (D:6)
  A hound (D:5)
  A jelly (D:4)
  2 gnoll shamans
  2 orc wizards (D:4)
  2 iguanas (D:5)
  A killer bee zombie (D:6)
  A howler monkey zombie (D:5)
  5 adders
  7 gnolls
  An ufetubus (D:6)
  2 adder skeletons (D:4)
  2 worms (D:5)
  A dart slug (D:2)
  11 orcs (D:4)
  9 ball pythons
  5 endoplasms
  3 giant cockroaches
  12 goblins
  5 hobgoblins
  6 jackals
  12 kobolds
  3 quokkas
  8 bats
  8 frilled lizards
  6 rats
  A spectral orc (D:3)
141 creatures vanquished.

Vanquished Creatures (others)
  An orc wizard (D:4)
  29 plants
30 creatures vanquished.

Grand Total: 171 creatures vanquished

Notes
Turn   | Place    | Note
-------+----------+-------------------------------------------
     0 | D:1      | Lavandula the Naga Arcane Marksman began the quest for the
                  | Orb.
     0 | D:1      | Reached XP level 1. HP: 18/18 MP: 2/2
   129 | D:1      | Reached skill level 2 in Bows
   178 | D:1      | Reached XP level 2. HP: 25/25 MP: 3/3
   662 | D:1      | Reached skill level 1 in Short Blades
   708 | D:1      | Reached XP level 3. HP: 31/31 MP: 4/4
  1027 | D:2      | Found a faded altar of an unknown god.
  1995 | D:3      | Found a basalt altar of Yredelemnul.
  2024 | D:3      | Reached XP level 4. HP: 34/38 MP: 5/5
  2095 | D:3      | Reached skill level 3 in Bows
  2958 | D:4      | Noticed Menkaure
  3012 | D:4      | Killed Menkaure
  3013 | D:4      | Reached skill level 4 in Bows
  3013 | D:4      | Reached XP level 5. HP: 44/44 MP: 6/6
  3052 | D:4      | Reached skill level 5 in Bows
  3052 | D:4      | Reached XP level 6. HP: 32/51 MP: 7/7
  3447 | D:4      | Noticed a necrophage
  3454 | D:4      | Killed a necrophage
  3693 | D:4      | Reached XP level 7. HP: 30/57 MP: 8/8
  4548 | D:4      | Reached skill level 6 in Bows
  4743 | D:4      | Found a shimmering blue altar of Sif Muna.
  4834 | D:5      | Entered Level 5 of the Dungeon
  4919 | D:5      | Reached skill level 7 in Bows
  4919 | D:5      | Reached XP level 8. HP: 30/64 MP: 9/9
  4926 | D:5      | Reached skill level 5 in Short Blades
  6088 | D:5      | Found a staircase to the Ecumenical Temple.
  6448 | Temple   | Entered the Ecumenical Temple
  6780 | D:6      | Reached XP level 9. HP: 21/79 MP: 10/10
  6785 | D:6      | Learned a level 4 spell: Cause Fear
  7773 | D:7      | Found Xaedd's Armour Boutique.
  7787 | D:7      | Bought a +2 robe of positive energy for 205 gold pieces
  7802 | D:7      | Noticed Pikel
  7868 | D:7      | Gained mutation: You are frail. (-10% HP) [potion of
                  | mutation]
  7868 | D:7      | Gained mutation: You passively dampen the noise of your
                  | surroundings. [potion of mutation]
  7868 | D:7      | Gained mutation: You are strong-willed. (Will+) [potion of
                  | mutation]
  8268 | D:7      | Slain by Pikel

Illustrated notes

Levels and vault maps discovered:
D:1:      elethiomel_arrival_quiet, layout_rooms, kennysheep_boxes
D:2:      layout_loops_cross, hellmonk_ecumenical_altar_leap_of_faith
D:3:      layout_loops_cross, yredelemnul_forgotten_temple_becter
D:4:      layout_basic, led_sif_book, uniq_menkaure
D:5:      layout_gridville, minmay_temple_entry_fiery, minmay_misc_feat_columns,
          minmay_bent
D:6:      layout_loops_ring, grunt_ministairs_12, lexackson_kobold_supper
D:7:      layout_basic, serial_shops, nicolae_square_shop,
          minmay_misc_feat_nine_boxes, minmay_splitting_lines,
          grunt_decor_arrowhead, uniq_harold, uniq_crazy_yiuf_cottage,
          uniq_pikel, uniq_duvessa
Temple:   nicolae_temple_hex_pool

Skill      XL: |  1  2  3  4  5  6  7  8  9 |
---------------+----------------------------+-----
Bows           | 2 4 5 7 |  7.0
Short Blades   | 1 2 4 6 |  6.7
Fighting       | 4 |  4.7
Hexes          | 4 |  4.4
Dodging        | |  1.5
Spellcasting   | |  1.0

Action                   |  1- 3 |  4- 6 |  7- 9 || total
-------------------------+-------+-------+-------++-------
Melee: Dagger            |   131 |    64 |   243 ||   438
 Fire: Shortbow          |    21 |    86 |    73 ||   180
Throw: Throwing net      |       |       |     1 ||     1
 Cast: Cause Fear        |       |       |     3 ||     3
 Abil: Spit Poison       |     1 |    10 |    28 ||    39
  Use: Potion            |       |     3 |     6 ||     9
       Scroll            |       |       |     9 ||     9
 Stab: Sleeping          |     1 |       |     1 ||     2
       Held in net/web   |       |       |     1 ||     1
Armor: Robe              |    49 |    14 |    44 ||   107
       Skin              |       |       |     5 ||     5
Dodge: Dodged            |    78 |    52 |   117 ||   247

Table legend: (Time is in decaauts)
 A = Elapsed time spent in this place.
 B = Non-inter-level travel time spent in this place.
 C = Inter-level travel time spent in this place.
 D = Time resting spent in this place.
 E = Time spent auto-exploring this place.
 F = Levels seen in this place.
 G = Mean time per level.
                   A        B        C        D        E       F      G
               +--------+--------+--------+--------+--------+-----+--------+
         Total |   9745 |   9498 |    247 |   1757 |   6472 |   8 | 1218.1 |
       Dungeon |   9617 |   9399 |    218 |   1757 |   6387 |   7 | 1373.9 |
        Temple |    127 |     99 |     28 |      0 |     85 |   1 |  127.0 |
               +--------+--------+--------+--------+--------+-----+--------+

Top non-repeatable levels by time:
     D:4: 2519 daAuts
     D:5: 1923 daAuts
     D:6: 1341 daAuts
     D:1: 1187 daAuts
     D:2: 1056 daAuts
     D:3: 974 daAuts
     D:7: 615 daAuts
  Temple: 127 daAuts
